 Dungeon Crawl Stone Soup version 0.27.1-1-g398f81649c (webtiles) character file.

Game seed: 8859676178872347346

15 Elvor the Charlatan (level 2, -1/16 HPs)
             Began as a Gargoyle Artificer on Sept 8, 2021.
             Frozen to death by an endoplasm (4 damage)
             ... on level 1 of the Dungeon.
             The game lasted 00:02:22 (186 turns).

Elvor the Charlatan (Gargoyle Artificer)             Turns: 186, Time: 00:02:22

Health: -1/16      AC:  6    Str: 15    XL:     2   Next: 50%
Magic:  2/2        EV: 11    Int: 11    God:
Gold:   6          SH:  0    Dex: 10    Spells: 1/1 levels left

rFire    . . .     SeeInvis .   f - +0 whip
rCold    . . .     Faith    .   (no shield)
rNeg     + . .     Spirit   .   b - +0 leather armour
rPois    ∞         Reflect  .   (no helmet)
rElec    +         Harm     .   (no cloak)
rCorr    .         Rampage  .   (no gloves)
Will     .....                  (no boots)
Stlth    +.........             (no amulet)
HPRegen  0.05/turn              (no ring)
MPRegen  0.08/turn              (no ring)

@: no status effects
A: sickness immunity, AC +2, negative energy resistance 1, electricity
resistance, torment resistance 1, petrification resistance
a: no special abilities


You were on level 1 of the Dungeon.
You visited 1 branch of the dungeon, and saw 1 of its levels.

You collected 6 gold pieces.

Inventory:

Hand Weapons
 f - a +0 whip (weapon)
Missiles
 g - 6 stones
Armour
 b - a +0 leather armour (worn)
Wands
 c - a wand of flame (4) (quivered)
 d - a wand of charming (15)
Potions
 a - a potion of resistance {unknown}
Miscellaneous
 e - a piece from Xom's chessboard (15/15)


   Skills:
 + Level 1.1 Fighting
 + Level 2.4 Armour
 + Level 1.0 Dodging
 + Level 1.1 Stealth
 + Level 3.2 Evocations


You had one spell level left.
You didn't know any spells.
Your spell library was empty.

Dungeon Overview and Level Annotations

Branches:
Dungeon (1/15)

Altars:


Innate Abilities, Weirdness & Mutations

You are immune to sickness and miasma.
Your stone body is resilient. (AC +2)
You are immune to poison.
You resist negative energy. (rN+)
You are resistant to electric shocks. (rElec)
You are resistant to unholy torment.
You are immune to petrification.


Message History

Aiming: Throw Flame
Press: ? - help, Q - select action, (/) - cycle Shift-Dir - straight line, f/p - hobgoblin
Aim: a hobgoblin (71% to hit)
The puff of flame hits the hobgoblin!
You kill the hobgoblin!
g - 6 stones (gained 4)
You see here a +0 whip.
You see here a +0 whip.
Found a faded altar of an unknown god.
An endoplasm comes into view.
An endoplasm and a kobold come into view.
Aiming: Throw Flame
Press: ? - help, Q - select action, (/) - cycle Shift-Dir - straight line, f - kobold
Aim: a kobold, wielding a +0 whip (asleep, 100% to hit)
The puff of flame hits the kobold!
You kill the kobold!
The endoplasm quivers.
Found a whip.
A ball python comes into view.
Things that are here:
a +0 whip; a kobold corpse Your leather armour prevents you from hitting the endoplasm.
The endoplasm hits you but does no damage.
You hit the endoplasm.
The endoplasm is heavily wounded.
The endoplasm hits you but does no damage.
You completely miss the endoplasm.
The endoplasm is heavily wounded.
The endoplasm completely misses you.
You barely miss the endoplasm.
The endoplasm is heavily wounded.
The endoplasm closely misses you.
You hit the endoplasm.
The endoplasm is almost dead.
The endoplasm barely misses you.
You hit the endoplasm but do no damage.
The endoplasm is almost dead.
The endoplasm freezes you.
You are frozen.
You die...

.....#. .............
## .............. S.
............J# #.
.............# .##
.............# .)#
.........8.8.# #.#
.............#####.###
.......8.8...8.J@.)..#
.....#...._....#######
#######..8.8.8.#
###......# #8.8####
#####


You could see an endoplasm.

Vanquished Creatures
  An endoplasm (D:1)
  A giant cockroach (D:1)
  A goblin (D:1)
  A hobgoblin (D:1)
  5 kobolds (D:1)
  3 ball pythons (D:1)
12 creatures vanquished.

Notes
Turn   | Place    | Note
-------+----------+-------------------------------------------
     0 | D:1      | Elvor the Gargoyle Artificer began the quest for the Orb.
     0 | D:1      | Reached XP level 1. HP: 12/12 MP: 1/1
    37 | D:1      | Reached skill level 1 in Dodging
    88 | D:1      | Reached skill level 3 in Evocations
    90 | D:1      | Reached XP level 2. HP: 7/16 MP: 2/2
   161 | D:1      | Found a faded altar of an unknown god.
   186 | D:1      | Frozen to death by an endoplasm

Illustrated notes

Levels and vault maps discovered:
D:1:      heliophobic_arrival_enchanted_forest, layout_rooms,
          ebering_ecumenical_altar_ruins

Skill      XL: |  1 |
---------------+----+-----
Dodging        | 1 |  1.0
Evocations     | 3 |  3.2
Fighting       | |  1.1
Armour         | |  2.4
Stealth        | |  1.1

Action                   || total
-------------------------++-------
Melee: Club              ||    12
       Whip              ||    24
Evoke: Wand              ||    11
Armor: Leather armour    ||    16
Dodge: Dodged            ||    21
